 Dungeon Crawl Stone Soup version 0.30-a0-137-gd8773701ce (webtiles) character file.

Game seed: 17861654514633751458

19698 ytrimaz the Warrior (level 12, -3/114 HPs)
             Began as a Demonspawn Gladiator on Sept 21, 2022.
             Was an Initiate of Wu Jian.
             Slain by a death yak (18 damage)
             ... on level 2 of the Lair of Beasts.
             The game lasted 00:21:02 (11976 turns).

ytrimaz the Warrior (Demonspawn Gladiator)         Turns: 11976, Time: 00:21:02

Health: -3/114     AC: 14    Str: 15    XL:     12   Next: 38%
Magic:  12/12      EV: 14    Int:  9    God:    Wu Jian [......]
Gold:   567        SH:  4    Dex: 20    Spells: 11/11 levels left

rFire   . . .      SeeInvis .    a - +6 dagger of Checks and Balances {vamp, rElec rPois}
rCold   + . .      Faith    .    (no shield)
rNeg    . . .      Spirit   .    x - +0 acid dragon scales
rPois   +          Reflect  .    c - +1 helmet
rElec   +          Harm     .    (no cloak)
rCorr   +          Rampage  .    i - +0 pair of gloves
Will    .....                    I - +0 pair of boots
Stlth   +.........               g - amulet of regeneration
HPRegen 1.09/turn                m - ring of protection from cold
MPRegen 0.26/turn                b - +4 ring of slaying

@: about to teleport
A: claws 1, icemail 1, magic regeneration, condensation shield
a: Renounce Religion


You were on level 2 of the Lair of Beasts.
You worshipped Wu Jian.
Wu Jian was noncommittal.
You visited 4 branches of the dungeon, and saw 17 of its levels.

You collected 728 gold pieces.
You spent 161 gold pieces at shops.


Innate Abilities, Weirdness & Mutations

You have sharp fingernails.
A meltable icy envelope protects you from harm. (AC +4)
You regenerate magic rapidly.
A meltable shield of frost defends you. (SH +4)


   Skills:
 - Level 17.0 Fighting
 - Level 10.0 Short Blades
 - Level 2.8 Axes
 - Level 1.7 Throwing
 + Level 4.7 Dodging


You had 11 spell levels left.
You didn't know any spells.
Your spell library contained the following spells:

 Spells                   Type           Power      Damage    Failure   Level
 Sandblast                Erth           0%         2d4       50%         1
 Ensorcelled Hibernation  Hex/Ice        0%         N/A       65%         2
 Passwall                 Tmut/Erth      0%         N/A       65%         2
 Sublimation of Blood     Necr           0%         N/A       65%         2
 Confusing Touch          Hex            0%         N/A       86%         3
 Gell's Gravitas          Tloc           0%         N/A       86%         3
 Spider Form              Tmut/Pois      0%         N/A       86%         3
 Stone Arrow              Conj/Erth      0%         3d7       86%         3
 Teleport Other           Tloc           0%         N/A       86%         3
 Anguish                  Hex/Necr       0%         N/A       99%         4
 Petrify                  Tmut/Erth      0%         N/A       99%         4
 Irradiate                Conj/Tmut      0%         3d11      100%        5
 Yara's Violent Unravell  Hex/Tmut       0%         3d3       100%        5
 Dispersal                Tloc           0%         N/A       100%        6
 Enfeeble                 Hex            0%         N/A       100%        7

Inventory:

Hand Weapons
 a - the +6 dagger of Checks and Balances (weapon) {vamp, rElec rPois}
   (You bought it in a shop on level 1 of the Dungeon)

   It occasionally heals its wielder for a portion of the damage dealt when it
   wounds a living foe.
   rElec:     It insulates you from electricity.
   rPois:     It protects you from poison.
 H - a +0 rapier
   (You found it on level 11 of the Dungeon)
Missiles
 d - 4 throwing nets (quivered)
 e - 7 javelins
 h - 6 boomerangs of dispersal
 k - 4 atropa-tipped darts
 D - 6 boomerangs
Armour
 c - a +1 helmet (worn)
 i - a +0 pair of gloves (worn)
   (You found it on level 1 of the Dungeon)
 v - a +1 robe of resistance
   (You found it on level 8 of the Dungeon)
 x - +0 acid dragon scales (worn)
   (You found it on level 9 of the Dungeon)
 I - a +0 pair of boots (worn)
   (You found it on level 8 of the Dungeon)
Jewellery
 b - a +4 ring of slaying (right hand)
   (You found it on level 8 of the Dungeon)
 g - an amulet of regeneration (around neck)
   (You found it on level 1 of the Dungeon)
 m - a ring of protection from cold (left hand)
   (You found it on level 6 of the Dungeon)
 n - a ring of see invisible
   (You found it on level 6 of the Dungeon)
 p - a ring of poison resistance
   (You found it on level 2 of the Dungeon)
 s - a ring of protection from cold
   (You found it on level 5 of the Dungeon)
 J - an amulet of reflection
   (You found it on level 1 of the Lair of Beasts)
Wands
 y - a wand of quicksilver (5)
   (You found it on level 10 of the Dungeon)
 C - a wand of flame (6)
   (You found it on level 10 of the Dungeon)
 E - a wand of mindburst (8)
   (You found it on level 11 of the Dungeon)
 F - a wand of roots (3)
   (You found it on level 11 of the Dungeon)
Scrolls
 l - a scroll of butterflies
 o - 2 scrolls of poison
 r - a scroll of teleportation
 u - 2 scrolls of summoning
 A - 2 scrolls of enchant armour
 B - a scroll of magic mapping
 G - 3 scrolls of identify
Potions
 f - 4 potions of flight
 j - 4 potions of brilliance
 q - 2 potions of lignification
 t - 4 potions of curing
 z - 2 potions of mutation
 K - a potion of might {unknown}

Dungeon Overview and Level Annotations

Branches:
Dungeon (12/15) Zot: 26259  Temple (1/1) D:4 Zot: 5801    Lair (2/5) D:11 Zot: 10715
  Swamp (0/4) Lair:2          Orc (2/2) D:10 Zot: 11949
  Snake: Lair:2-3    Spider: Lair:2-3       Elf: Orc:2

Altars:
Ashenzari
Cheibriados
Dithmenos
Fedhas
Gozag
Hepliaklqana
Kikubaaqudgha
Makhleb
Nemelex Xobeh
Okawaru
Qazlal
Ru
Sif Muna
Trog
Uskayaw
Vehumet
Wu Jian
Xom
Yredelemnul

Shops:
D:1 (   D:4 *   D:5 :   Orc:2 [[?

Annotations:
D:9 exclusion: orange crystal statue
D:10 2 transporters, Daunt's ghost, journeyman MeFE
Orc:2 Donald

#.#########..Y.Y
#...#.§..#P..<
##<.>§.§§......
#..†...§§§§# .
.....##§.§§§## #..
..#######§§§####
... #. ###§§..# ..
. #
###.....####F#....
#.......Y@Y.....#
........P####...###
##...#...# .###
#....##..# .#
.....# #.#. .#
..### #..!# ## .. .
..


You could see 2 death yaks and a bullfrog.


Message History

😕 HP[+3]
You regained 3 hp, and now have 111/114 hp.
You lunge at the death yak, in a flurry of attacks.
You hit the death yak. x2; The death yak barely misses you.
Things that are here:
a death yak corpse; a death yak corpse You puncture the death yak!
You feel better. The death yak barely misses you.
The death yak closely misses you.
Unknown command. 😎 HP[+3]
Your hp is fully restored (114).
You hit the death yak but do no damage. You hit the death yak.
The death yak barely misses you. The death yak gores you! 😕 HP[-7]
You take 7 damage, and now have 107/114 hp.
Unknown command.
You barely miss the death yak. 😕 HP[+1]
You puncture the death yak!
You feel better.
The death yak barely misses you. x2 😕 HP[+3]
You regained 3 hp, and now have 111/114 hp.
You hit the death yak.
You feel better. 😕 HP[+2]
You regained 2 hp, and now have 113/114 hp.
Unknown command.
You hit the death yak. The death yak gores you!
The death yak gores you!! 😮 HP[-30]
You take 30 damage, and now have 83/114 hp.
MASSIVE DAMAGE!! (PAUSE)
You are too injured to fight recklessly!
You hit the death yak but do no damage.
Unknown command.
You hit the death yak but do no damage. The death yak gores you!
The death yak misses you. 😮 HP[-12]
You take 12 damage, and now have 71/114 hp.
Unknown command.
You puncture the death yak!
You are too injured to fight recklessly!
You hit the death yak but do no damage. The death yak gores you!
The death yak gores you but does no damage. 😮 HP[-6]
You take 6 damage, and now have 65/114 hp.
You are too injured to fight recklessly!
Unknown command.
You hit the death yak.
You feel better. 😮 HP[+2]
You regained 2 hp, and now have 67/114 hp.
You are too injured to fight recklessly!
You hit the death yak but do no damage. The death yak barely misses you.
The death yak completely misses you. 😮 HP[+1] Unknown command.
You are too injured to fight recklessly!
You hit the death yak.
You feel better. 😮 HP[+4]
You regained 4 hp, and now have 72/114 hp.
You hit the death yak.
You feel better. The death yak gores you!!
* * * LOW HITPOINT WARNING * * *
The death yak misses you. 😨 HP[-16]
You take 16 damage, and now have 56/114 hp.
Unknown command.
You hit the death yak.
Unknown command.
You barely miss the death yak. The death yak closely misses you.
The death yak gores you!!
* * * LOW HITPOINT WARNING * * *
😨 HP[-19]
You take 19 damage, and now have 37/114 hp.
You puncture the death yak!
You feel better. 😨 HP[+6]
You regained 6 hp, and now have 43/114 hp.
Unknown command.
You hit the death yak. The death yak gores you!!
* * * LOW HITPOINT WARNING * * *
The death yak gores you!
* * * LOW HITPOINT WARNING * * *
😱 HP[-37]
You take 37 damage, and now have 6/114 hp.
MASSIVE DAMAGE!! (PAUSE)
You completely miss the death yak. 😱 HP[+1] Unknown command.
Okay, then.
You feel much better. The death yak barely misses you. The death yak gores you!
* * * LOW HITPOINT WARNING * * *
You hear a loud, deep croak! 😱 HP[+8]
You regained 8 hp, and now have 15/114 hp.
Unknown command.
Okay, then.
As you read the scroll of teleportation, it crumbles to dust.
You feel strangely unstable.
A bullfrog comes into view.
The death yak gores you.
* * * LOW HITPOINT WARNING * * *
The death yak gores you!!
You die...

Skill      XL: |  1  2  3  4  5  6  7  8  9 10 11 12 |
---------------+-------------------------------------+-----
Fighting       | 3 4 5 6 7 8 10 11 13 16 17 | 17.0
Short Blades   | 1 2 3 5 7 9 10 | 10.0
Dodging        | 4 |  4.7
Axes           | |  2.8
Throwing       | |  1.7

Action                   |  1- 3 |  4- 6 |  7- 9 | 10-12 || total
-------------------------+-------+-------+-------+-------++-------
Melee: War axe           |   121 |    46 |       |       ||   167
       Punch             |     2 |     3 |     6 |    19 ||    30
       Short sword       |       |    51 |       |       ||    51
       Dagger            |       |    46 |   559 |   860 ||  1465
Invok: Lunge             |       |       |       |     2 ||     2
  Use: Scroll            |     7 |     4 |     3 |     5 ||    19
       Potion            |       |       |     5 |     2 ||     7
 Stab: Sleeping          |     1 |     1 |       |     1 ||     3
       Distracted        |     1 |       |       |       ||     1
       Confused          |       |       |       |     1 ||     1
Armor: Leather armour    |    41 |    42 |    89 |       ||   172
       Robe              |       |       |    42 |    83 ||   125
       Acid dragon scale |       |       |       |   114 ||   114
Dodge: Dodged            |   101 |    69 |   329 |   367 ||   866
Block: Other             |    29 |    19 |    86 |   108 ||   242

Levels and vault maps discovered:
D:1:      psy_arrival_dodecagon, layout_rooms, serial_shops, shop_statue
D:2:      layout_basic, dilly_ecumenical_altar_fadedgnrine,
          grunt_decor_one_mirror, minmay_rat_gold_closets
D:3:      layout_basic
D:4:      layout_cave_pools, lemuel_coloured_pillars_altar,
          lightli_temple_of_fire, minmay_temple_entry_offerings,
          eino_small_chamber_without_monster, minmay_shop_damaged,
          grunt_ministairs_5
D:5:      layout_basic, mainiacjoe_overflow_24_doors, fountainhead,
          nicolae_shop_vocational, uniq_sigmund, uniq_blork_the_orc
D:6:      layout_loops_ring, palyth_stone_intersect, uniq_menkaure
D:7:      layout_basic
D:8:      layout_gridville
D:9:      layout_loops_ring, minmay_overflow_temple_hex, minivault_16,
          wad_dig_loot
D:10:     layout_stronghold, marbit_many_paths, orc_0_dummy,
          gammafunk_ghost_hive
D:11:     layout_layer_cave, erik_lair_dragon, the_hattery
D:12:     layout_roguey, nicolae_diode_quadrants
Temple:   minmay_temple_bridge_abc
Lair:1:   layout_long_grid, lemuel_fruit_tree, grunt_megastairs_3,
          infiniplex_staircase_pool_2, uniq_erica
Lair:2:   layout_misc_corridors, minmay_swamp_entry_reptiles
Orc:1:    layout_diamond_mine
Orc:2:    st_orc_open, layout_caves, nicolae_volcano_entry_vermiform,
          lightli_church_of_beogh, uniq_donald

Notes
Turn   | Place    | Note
-------+----------+-------------------------------------------
     0 | D:1      | ytrimaz the Demonspawn Gladiator began the quest for the
                  | Orb.
     0 | D:1      | Reached XP level 1. HP: 16/16 MP: 1/1
     0 | D:1      | magus.rc [v1.9.6]
   264 | D:1      | Found Docic's Antique Weapon Shoppe.
   296 | D:1      | Gained mutation: A meltable shield of frost defends you.
                  | (SH +4) [demonic ancestry]
   296 | D:1      | Reached XP level 2. HP: 22/23 MP: 2/2
   598 | D:2      | Reached skill level 3 in Fighting
   648 | D:2      | HP: 5/24 [worm (8)]
   696 | D:2      | Reached XP level 3. HP: 27/29 MP: 3/3
  1000 | D:2      | Reached skill level 4 in Fighting
  1094 | D:2      | Found a faded altar of an unknown god.
  1303 | D:2      | Reached XP level 4. HP: 29/38 MP: 4/4
  1340 | D:3      | Reached skill level 5 in Fighting
  1450 | D:3      | Reached XP level 5. HP: 44/44 MP: 5/5
  1583 | D:3      | You pick up a book of Geomancy and begin reading...
  1583 | D:3      | You add the spells Sandblast, Passwall and Stone Arrow to
                  | your library.
  1677 | D:4      | Found Qikk's Lightly-Used Armoury.
  1726 | D:4      | Found a staircase to the Ecumenical Temple.
  1736 | D:4      | magus.rc [v1.9.6]
  1736 | D:4      | magus.rc [v1.9.6]
  1804 | D:4      | You add the spells Gell's Gravitas, Teleport Other and
                  | Dispersal to your library.
  2206 | D:4      | Found a bloodstained altar of Trog.
  2281 | D:4      | Reached skill level 6 in Fighting
  2337 | D:4      | Found an opulent altar of Gozag.
  2439 | D:1      | Bought an iridescent dagger for 161 gold pieces
  2439 | D:1      | Identified the +6 dagger of Checks and Balances {vamp,
                  | rElec rPois} (You bought it in a shop on level 1 of the
                  | Dungeon)
  2498 | Temple   | Entered the Ecumenical Temple
  2739 | D:5      | Entered Level 5 of the Dungeon
  2744 | D:5      | Noticed a phantom
  2757 | D:5      | Killed a phantom
  2758 | D:5      | Reached skill level 1 in Short Blades
  2758 | D:5      | Reached XP level 6. HP: 51/52 MP: 6/6
  2873 | D:5      | Found a hide-covered altar of Uskayaw.
  2921 | D:5      | Reached skill level 7 in Fighting
  2921 | D:5      | Reached skill level 2 in Short Blades
  2970 | D:5      | Gained mutation: You have sharp fingernails. [demonic
                  | ancestry]
  2970 | D:5      | Reached XP level 7. HP: 60/60 MP: 7/7
  3044 | D:5      | Noticed Blork the orc
  3070 | D:5      | Noticed Sigmund
  3073 | D:5      | Killed Blork the orc
  3077 | D:5      | HP: 11/61 [iguana (11)]
  3083 | D:5      | HP: 11/61 [iguana (12)]
  3089 | D:5      | HP: 13/61 [iguana (3)]
  3094 | D:5      | HP: 7/61 [iguana (6)]
  3101 | D:5      | HP: 11/61 [hound (2)]
  3106 | D:5      | HP: 9/61 [water moccasin (2)]
  3124 | D:5      | Reached skill level 8 in Fighting
  3124 | D:5      | Reached skill level 3 in Short Blades
  3157 | D:5      | Killed Sigmund
  3158 | D:5      | Gained mutation: You regenerate magic rapidly. [demonic
                  | ancestry]
  3158 | D:5      | Reached XP level 8. HP: 68/69 MP: 8/8
  3294 | D:5      | Found Haed Qoa's Vocational Training.
  3684 | D:6      | Noticed Menkaure
  3694 | D:6      | HP: 16/69 [Menkaure (21)]
  3697 | D:6      | HP: 6/69 [??? (4)]
  3707 | D:6      | HP: 13/69 [??? (10)]
  3708 | D:6      | Killed Menkaure
  3709 | D:6      | Reached skill level 9 in Fighting
  3709 | D:6      | Reached skill level 4 in Short Blades
  3717 | D:6      | HP: 16/71 [kobold brigand/+0 whip (4)]
  4193 | D:6      | Reached skill level 10 in Fighting
  4193 | D:6      | Reached skill level 5 in Short Blades
  4205 | D:6      | HP: 15/61 [wight/+0 spear (1)]
  4552 | D:7      | Reached XP level 9. HP: 61/75 MP: 9/9
  4689 | D:7      | You fall into a shaft and drop 1 floor!
  4792 | D:8      | Reached skill level 6 in Short Blades
  4808 | D:8      | You pick up a book of Dreams and begin reading...
  4808 | D:8      | You add the spells Ensorcelled Hibernation, Spider Form and
                  | Anguish to your library.
  5234 | D:8      | Reached skill level 11 in Fighting
  5305 | D:8      | You pick up a book of Misfortune and begin reading...
  5305 | D:8      | You add the spells Confusing Touch, Yara's Violent
                  | Unravelling and Enfeeble to your library.
  5498 | D:8      | Reached skill level 7 in Short Blades
  5685 | D:9      | Noticed an orange crystal statue
  5710 | D:9      | HP: 20/80 [centaur/arrow[an orange crystal statue] (5)]
  5719 | D:9      | HP: 15/80 [wraith[an orange crystal statue] (11)]
  6136 | D:9      | Noticed a troll
  6146 | D:9      | Killed a troll
  6147 | D:9      | Reached XP level 10. HP: 61/89 MP: 10/10
  6204 | D:9      | Noticed a two-headed ogre
  6243 | D:9      | Killed a two-headed ogre
  6244 | D:9      | Reached skill level 12 in Fighting
  6244 | D:9      | Reached skill level 8 in Short Blades
  6284 | D:9      | Noticed a deep elf pyromancer
  6308 | D:9      | Killed a deep elf pyromancer
  6450 | D:9      | Found a shadowy altar of Dithmenos.
  6450 | D:9      | Found a snail-covered altar of Cheibriados.
  6450 | D:9      | Found an ornate altar of the Wu Jian Council.
  6450 | D:9      | Found a blossoming altar of Fedhas.
  6459 | D:9      | Found a broken altar of Ashenzari.
  6652 | D:9      | Noticed a wolf spider
  6705 | D:9      | You pick up a book of Alchemy and begin reading...
  6705 | D:9      | You add the spells Sublimation of Blood, Petrify and
                  | Irradiate to your library.
  6866 | D:10     | Entered Level 10 of the Dungeon
  7009 | D:10     | Reached skill level 9 in Short Blades
  7132 | D:10     | Found a staircase to the Orcish Mines.
  7151 | D:10     | Found a sacrificial altar of Ru.
  7226 | D:10     | Noticed a cyclops
  7245 | D:10     | Killed a cyclops
  7246 | D:10     | Reached skill level 13 in Fighting
  7275 | D:10     | Found a transporter.
  7279 | D:10     | Noticed Daunt's ghost (journeyman MeFE)
  7280 | D:10     | Found a transporter.
  7316 | D:10     | Noticed a gargoyle
  7336 | D:10     | Killed a gargoyle
  8006 | Orc:1    | Entered Level 1 of the Orcish Mines
  8038 | D:10     | HP: 22/92 [orc warrior/+0 battleaxe (16)]
  8042 | D:10     | Reached XP level 11. HP: 27/98 MP: 11/11
  8047 | D:10     | HP: 23/98 [something (4)]
  8158 | Orc:2    | Entered Level 2 of the Orcish Mines
  8158 | Orc:2    | Noticed a deep troll
  8158 | Orc:2    | Noticed a two-headed ogre
  8158 | Orc:2    | Noticed a two-headed ogre
  8158 | Orc:2    | Noticed a two-headed ogre
  8158 | Orc:2    | Noticed a two-headed ogre
  8158 | Orc:2    | Noticed a two-headed ogre
  8158 | Orc:2    | Noticed an ogre mage
  8158 | Orc:2    | Noticed a two-headed ogre
  8158 | Orc:2    | Noticed a two-headed ogre
  8158 | Orc:2    | Noticed a two-headed ogre
  8158 | Orc:2    | Found Qogatwaxt's Armour Boutique.
  8158 | Orc:2    | Found Bufog's Magic Scroll Emporium.
  8158 | Orc:2    | Found Xoagg's Armour Shoppe.
  8159 | Orc:2    | Noticed Donald
  8159 | Orc:2    | Noticed an ogre mage
  8160 | Orc:2    | Noticed a deep troll
  8373 | D:11     | Reached skill level 10 in Short Blades
  8912 | D:11     | Reached skill level 14 in Fighting
  9041 | D:11     | Found a staircase to the Lair.
 10203 | Lair:1   | Entered Level 1 of the Lair of Beasts
 10324 | Lair:1   | Reached skill level 15 in Fighting
 10646 | Lair:1   | Reached skill level 16 in Fighting
 10877 | Lair:1   | Gained mutation: A meltable icy envelope protects you from
                  | harm. (AC +4) [demonic ancestry]
 10877 | Lair:1   | Reached XP level 12. HP: 111/111 MP: 12/12
 11167 | Lair:1   | Noticed Erica
 11191 | Lair:1   | Killed Erica
 11678 | D:9      | Became a worshipper of the Wu Jian Council
 11828 | Lair:2   | Found a staircase to the Swamp.
 11848 | Lair:2   | Reached skill level 3 in Dodging
 11874 | Lair:2   | Noticed a death yak
 11879 | Lair:2   | Noticed a death yak
 11879 | Lair:2   | Noticed a death yak
 11879 | Lair:2   | Noticed a death yak
 11893 | Lair:2   | Noticed a death yak
 11917 | Lair:2   | Killed a death yak
 11918 | Lair:2   | Reached skill level 17 in Fighting
 11938 | Lair:2   | Killed a death yak
 11939 | Lair:2   | Reached skill level 4 in Dodging
 11953 | Lair:2   | Killed a death yak
 11973 | Lair:2   | HP: 22/114 [death yak (22)]
 11973 | Lair:2   | HP: 6/114 [death yak (16)]
 11976 | Lair:2   | Slain by a death yak

Vanquished Creatures
  Erica (Lair:1)
  A two-headed ogre (D:9)
  3 death yaks (Lair:2)
  A deep elf pyromancer (D:9)
  A cyclops (D:10)
  A black mamba (Lair:1)
  4 cane toads
  A gargoyle (D:10)
  2 unseen horrors
  4 komodo dragons
  2 trolls
  A hornet (D:8)
  5 blink frogs (Lair:1)
  Sigmund (D:5)
  2 shadows (D:11)
  A spriggan (D:11)
  2 wraiths (D:11)
  A basilisk (D:11)
  23 yaks
  3 wyverns
  Menkaure (D:6)
  2 acid dragons
  6 water moccasins
  A swamp drake (Lair:2)
  An ice beast (D:8)
  3 orc warriors
  2 black bears
  An ogre (D:6)
  16 wolves (Lair:1)
  9 centaurs
  4 phantoms
  4 kobold brigands
  4 bullfrogs
  Blork the orc (D:5)
  A gnoll sergeant (D:10)
  3 scorpions (D:5)
  7 wights
  5 killer bees (D:9)
  A howler monkey (D:4)
  3 jellies
  A gnoll bouda (D:9)
  6 orc priests
  2 hounds
  5 iguanas
  11 orc wizards
  5 adders
  3 gnolls (D:9)
  A white imp (D:5)
  3 worms
  A dart slug (D:3)
  36 orcs
  8 bats
  5 endoplasms
  2 giant cockroaches (D:4)
  4 hobgoblins
  7 jackals
  29 kobolds
  A quokka (D:4)
  5 ball pythons
  3 frilled lizards
  7 goblins
  14 rats
294 creatures vanquished.

Vanquished Creatures (others)
  4 fungi
  6 plants
10 creatures vanquished.

Grand Total: 304 creatures vanquished

Table legend:
 A = Non-vault XP
 B = Vault XP
 C = Vault XP percentage of total XP
 D = Non-vault monster count
 E = Vault monster count
 F = Vault count percentage of total count
                 A         B        C        D         E       F
            +---------+---------+-------+---------+---------+-------
      Total |   21364 |    6776 |  24.1 |     251 |      43 |  14.6
            +---------+---------+-------+---------+---------+-------
        D:1 |      15 |       0 |   0.0 |      10 |       0 |   0.0
        D:2 |      98 |       8 |   7.5 |      29 |       8 |  21.6
        D:3 |     101 |       0 |   0.0 |      13 |       0 |   0.0
        D:4 |      95 |      10 |   9.5 |      13 |       5 |  27.8
        D:5 |     843 |     318 |  27.4 |      13 |       2 |  13.3
        D:6 |    1080 |     169 |  13.5 |      23 |       1 |   4.2
        D:7 |     241 |       0 |   0.0 |       2 |       0 |   0.0
        D:8 |    1576 |       0 |   0.0 |      33 |       0 |   0.0
        D:9 |    3104 |     330 |   9.6 |      36 |       2 |   5.3
       D:10 |    3166 |      87 |   2.7 |      21 |       1 |   4.5
       D:11 |    2164 |    1707 |  44.1 |      19 |       7 |  26.9
     Lair:1 |    6045 |    3944 |  39.5 |      33 |      14 |  29.8
     Lair:2 |    2830 |     203 |   6.7 |       4 |       3 |  42.9
      Orc:1 |       6 |       0 |   0.0 |       2 |       0 |   0.0
            +---------+---------+-------+---------+---------+-------

Illustrated notes

Table legend:
 A = Kills in this place as a percentage of kills in entire the game.
 B = Kills by you in this place as a percentage of kills by you in the entire game.
 C = Kills by friends in this place as a percentage of kills by friends in the entire game.
 D = Other kills in this place as a percentage of other kills in the entire game.
 E = Experience gained in this place as a percentage of experience gained in the entire game.
 F = Experience gained in this place divided by the number of levels of this place that you have seen.
                   A       B       C       D       E      F
               +-------+-------+-------+-------+-------+----------------------
         Total | 100.0 | 100.0 |   N/A |   N/A | 100.0 | 1655.3
       Dungeon |  81.0 |  81.0 |   N/A |   N/A |  53.7 | 1259.3
          Lair |  18.4 |  18.4 |   N/A |   N/A |  46.3 | 6511.0
  Orcish Mines |   0.7 |   0.7 |   N/A |   N/A |   0.0 |   3.0
               +-------+-------+-------+-------+-------+----------------------

Table legend: (Time is in decaauts)
 A = Elapsed time spent in this place.
 B = Non-inter-level travel time spent in this place.
 C = Inter-level travel time spent in this place.
 D = Time resting spent in this place.
 E = Time spent auto-exploring this place.
 F = Levels seen in this place.
 G = Mean time per level.
                   A        B        C        D        E       F      G
               +--------+--------+--------+--------+--------+-----+--------+
         Total |  11474 |  10233 |   1241 |    132 |   7438 |  17 |  674.9 |
       Dungeon |   9942 |   8830 |   1112 |    132 |   6460 |  12 |  828.5 |
        Temple |    198 |    176 |     22 |      0 |    170 |   1 |  198.0 |
          Lair |   1283 |   1190 |     93 |      0 |    789 |   2 |  641.5 |
  Orcish Mines |     50 |     36 |     14 |      0 |     19 |   2 |   25.0 |
               +--------+--------+--------+--------+--------+-----+--------+

Top non-repeatable levels by time:
    D:11: 1794 daAuts
    D:10: 1404 daAuts
     D:9: 1206 daAuts
  Lair:1: 1194 daAuts
     D:8: 980 daAuts
     D:5: 931 daAuts
     D:2: 841 daAuts
     D:4: 818 daAuts
     D:6: 797 daAuts
     D:1: 551 daAuts
     D:3: 391 daAuts
  Temple: 198 daAuts
     D:7: 168 daAuts
  Lair:2: 88 daAuts
    D:12: 57 daAuts
